 Dungeon Crawl Stone Soup version 0.19-a0-1896-g611e798 (webtiles) character file.

60 Grim the Insei (level 4, -1/23 HPs)
             Began as a Vine Stalker Monk on Oct 19, 2016.
             Slain by a gnoll (6 damage)
             ... on level 2 of the Dungeon.
             The game lasted 00:04:27 (1969 turns).

Grim the Insei (Vine Stalker Monk)                  Turns: 1969, Time: 00:04:28

Health: -1/23      AC:  2    Str: 14    XL:     4   Next: 6%
Magic:  0/5        EV: 13    Int: 10    God:
Gold:   76         SH:  0    Dex: 17    Spells: 0 memorised, 3 levels left

rFire  + . .     SeeInvis +       - Unarmed
rCold  + . .     Gourm    .     a - +0 robe
rNeg   . . .     Faith    .     (no shield)
rPois  +         Spirit   +     (no helmet)
rElec  +         Reflect  .     (no cloak)
rCorr  +         Harm     .     (no gloves)
MR     +....                    (no boots)
Stlth  ++........               (no amulet)
                                j - ring of see invisible
                                g - ring of protection from magic

@: resistant
A: fangs 2, regeneration 1, magic shield, antimagic bite, no device heal 3, rot
immunity
a: no special abilities


You were on level 2 of the Dungeon.
You were not hungry.

You visited 1 branch of the dungeon, and saw 2 of its levels.

You collected 76 gold pieces.

Inventory:

Armour
 a - a +0 robe (worn)
Jewellery
 g - a ring of protection from magic (left hand)
 h - a +2 ring of dexterity
 j - a ring of see invisible (right hand)
Scrolls
 c - a scroll of fog {unknown}
 e - a scroll of recharging {unknown}
 f - a scroll of enchant weapon {unknown}
 i - a scroll of remove curse {unknown}
 k - a scroll of teleportation {unknown}
Comestibles
 b - 2 bread rations
 d - a slice of pizza


   Skills:
 - Level 2.6 Fighting
 - Level 2.4 Dodging
 - Level 2.4 Stealth
 + Level 4.8 Unarmed Combat


You had 3 spell levels left.
You didn't know any spells.

Dungeon Overview and Level Annotations

Branches:
Dungeon (2/15)

Altars:


Innate Abilities, Weirdness & Mutations

You have extremely sharp teeth.
Your natural rate of healing is unusually fast.
When hurt, damage is shared between your health and your magic reserves.
Your bite disrupts and absorbs the magic of your enemies.
Potions and wands cannot restore your health.
You are immune to rotting.


Message History

You barely miss the gnoll.
The gnoll is heavily wounded.
The gnoll completely misses you.
You hit the gnoll but do no damage. You bite the gnoll, but do no damage.
The gnoll is heavily wounded.
The gnoll hits you!
* * * LOW HITPOINT WARNING * * *
You hit the gnoll.
The gnoll is severely wounded.
The gnoll hits you but does no damage.
You barely miss the gnoll.
The gnoll is severely wounded.
The gnoll closely misses you.
You feel protected. The gnoll misses you.
You closely miss the gnoll. You bite the gnoll. You drain its power.
You feel invigorated.
The gnoll is severely wounded.
The gnoll hits you!
You die...

# # # ##### ##+## .#
#...# ##...## ###. ##
....####.....###.. ..
.....##.......##.# .##.
.###.#.........#.##.....
.# #.'.........'...>.#
.###.#.........#@##..#
.....##.......##g#
#.######(..†.###g# #.#
##...## #.. #.#
##'####### #.#
####......#
#.####.##..###.#
#.....#.#..#.#.###
######............


You could see 2 gnolls.

Vanquished Creatures
  A gnoll (D:2)
  An adder (D:2)
  A worm (D:2)
  2 dart slugs (D:1)
  A leopard gecko (D:1)
  5 bats (D:1)
  2 giant cockroaches (D:1)
  4 goblins (D:1)
  2 hobgoblins (D:1)
  3 jackals (D:1)
  2 frilled lizards (D:1)
  A kobold (D:1)
  11 rats
36 creatures vanquished.

Notes
Turn   | Place    | Note
-------+----------+-------------------------------------------
     0 | D:1      | Grim the Vine Stalker Monk began the quest for the Orb.
     0 | D:1      | Reached XP level 1. HP: 11/11 MP: 2/2
   179 | D:1      | Reached XP level 2. HP: 16/16 MP: 3/3
   654 | D:1      | Reached skill level 4 in Unarmed Combat
   752 | D:1      | Reached XP level 3. HP: 18/19 MP: 4/4
  1962 | D:2      | Gained mutation: Your natural rate of healing is unusually fast. [Vine Stalker growth]
  1962 | D:2      | Reached XP level 4. HP: 9/23 MP: 1/5
  1969 | D:2      | Slain by a gnoll

Vault maps used:
D:1:      dpeg_arrival_arbitrary_b, serial_forest,
          infiniplex_forest_clump_double, infiniplex_forest_clump_curved,
          infiniplex_forest_straight_3, infiniplex_forest_clump_tiny,
          infiniplex_forest_clump_double, infiniplex_forest_lined_2,
          infiniplex_forest_clump_double, serial_bayou_ford_a
D:2:      first_bread, uniq_terence

Skill      XL: |  1  2 |
---------------+-------+-----
Unarmed Combat | 4 |  4.8
Fighting       | |  2.6
Dodging        | |  2.4
Stealth        | |  2.4

Action                   |  1- 3 |  4- 6 || total
-------------------------+-------+-------++-------
Melee: Unarmed           |   104 |     6 ||   110
       Bite              |    32 |     3 ||    35
  Use: Potion            |     3 |     1 ||     4
 Stab: Sleeping          |     7 |       ||     7
  Eat: Chunk             |     3 |       ||     3
Armor: Robe              |    26 |     1 ||    27
Dodge: Dodged            |    86 |     4 ||    90
